 Dungeon Crawl Stone Soup version 0.18.1-1-g2f07953 (webtiles) character file.

51 dysrexia the Magician (level 3, -3/28 HPs)
             Began as a Naga Wizard on May 7, 2016.
             Slain by an adder (5 damage)
             ... on level 2 of the Dungeon.
             The game lasted 00:09:13 (1483 turns).

dysrexia the Magician (Naga Wizard)                 Turns: 1483, Time: 00:09:14

Health: -3/28      AC:  2    Str:  9    XL:     3   Next: 83%
Magic:  0/7        EV:  9    Int: 18    God:
Gold:   105        SH:  0    Dex: 10    Spells: 3 memorised, 2 levels left

rFire  . . .     SeeInvis +     l - +0 mace
rCold  . . .     Gourm    .     a - +0 robe
rNeg   . . .     Faith    .     (no shield)
rPois  +         Spirit   .     b - +0 hat
rElec  .         Dismiss  .     (no cloak)
rCorr  .         Reflect  .     (no gloves)
SustAt .         Harm     .     (no barding)
MR     .....                    (no amulet)
Stlth  ++........               (no ring)
                                (no ring)

@: lethally poisoned (-3 -> -9), very slightly contaminated, very slow, not
resistant to hostile enchantments, unstealthy
A: see invisible, deformed body, poison resistance, slowness 2, slow metabolism
1, spit poison 2, AC +1
a: Spit Poison


You were on level 2 of the Dungeon.
You were not hungry.

You visited 1 branch of the dungeon, and saw 2 of its levels.

You collected 105 gold pieces.

Inventory:

Hand Weapons
 f - a +0 short sword
 k - a +0 club
 l - a +0 mace (weapon)
Armour
 a - a +0 robe (worn)
 b - a +0 hat (worn)
 i - a +0 chain mail
Scrolls
 j - 2 scrolls of teleportation {unknown}
 m - a scroll of identify {unknown}
 p - a scroll of remove curse {unknown}
Potions
 o - a potion of haste
Books
 c - a book of Minor Magic

   Spells                             Type                      Level
   a - Magic Dart                     Conjuration                  1
   b - Blink                          Translocation                2
   c - Call Imp                       Summoning                    2
   d - Repel Missiles                 Charms/Air                   2
   e - Slow                           Hexes                        2
   f - Conjure Flame                  Conjuration/Fire             3
   g - Mephitic Cloud                 Conjuration/Poison/Air       3
Comestibles
 d - 3 bread rations
 g - a slice of pizza
 h - 2 chunks of flesh
 n - a beef jerky


   Skills:
 - Level 1.5 Dodging
 - Level 3.0 Stealth
 + Level 3.4 Spellcasting
 * Level 3.0 Conjurations
   Level 1.0 Summonings
 - Level 1.0 Translocations
 * Level 0.0 Poison Magic


You had 2 spell levels left.
You knew the following spells:

 Your Spells              Type           Power        Failure   Level  Hunger
a - Magic Dart            Conj           ##..         6%          1    None
b - Blink                 Tloc           N/A          17%         2    ##.....
c - Mephitic Cloud        Conj/Pois/Air  #.......     34%         3    ###....


Dungeon Overview and Level Annotations

Branches:
Dungeon (2/15)

Altars:


Innate Abilities, Weirdness & Mutations

You cannot wear boots.
Your serpentine skin is tough (AC +1).
You have supernaturally acute eyesight.
Armour fits poorly on your strangely shaped body.
Your system is resistant to poisons.
You cover ground very slowly.
You have a slow metabolism.
You can spit poison.


Message History

The magic dart hits the adder.
The adder is almost dead.
The adder bites you.
* * * LOW HITPOINT WARNING * * *
You closely miss the adder.
The adder is almost dead.
The adder bites you.
* * * LOW HITPOINT WARNING * * *
You are lethally poisoned!
The adder poisons you! The adder barely misses you.
You barely miss the adder.
The adder is almost dead.
* * * LOW HITPOINT WARNING * * *
You feel sick. The adder closely misses you. The adder bites you.
* * * LOW HITPOINT WARNING * * *
You miss the adder.
The adder is almost dead.
* * * LOW HITPOINT WARNING * * *
You feel sick. The adder bites you.
You die...

#.........# ................
#.........# ........#...#...
#.........##.##.#####.......
#......%.....#...........#..
#..........# #.)#####.......
#.........# #..###.........
#.........# #..##..........
#.........####......#.......
#.........S@...............#
#.........###....>###.......
##.......######..## #..##..#
##.......................##
####.....####..####....###
#.##..# #..# #..#.... ###..
#..# #..# ##..#####
#...###..## #..###..# #
#........###..#.†..# #


You could see an adder.

Vanquished Creatures
  2 adders (D:2)
  2 giant geckos
  8 bats
  4 hobgoblins
  5 jackals (D:2)
  A ball python (D:1)
  3 giant newts
  A goblin (D:1)
  3 kobolds
  A rat (D:2)
30 creatures vanquished.

Notes
Turn   | Place    | Note
--------------------------------------------------------------
     0 | D:1      | dysrexia the Naga Wizard began the quest for the Orb.
     0 | D:1      | Reached XP level 1. HP: 15/15 MP: 4/4
   369 | D:1      | Reached XP level 2. HP: 22/22 MP: 4/6
   582 | D:2      | HP: 1/22 [giant gecko (3)]
  1120 | D:2      | Reached XP level 3. HP: 28/28 MP: 4/7
  1436 | D:2      | Learned a level 2 spell: Blink
  1440 | D:2      | Learned a level 3 spell: Mephitic Cloud
  1483 | D:2      | Slain by an adder

Skill      XL: |  1  2  3 |
---------------+----------+-----
Conjurations   | 2 3 |  3.0
Dodging        | |  1.5
Stealth        | |  3.0
Spellcasting   | |  3.4
Summonings     | |  1.0
Translocations | |  1.0

Action                   || total
-------------------------++-------
Melee: Unarmed           ||    12
       Club              ||     4
       Mace              ||    32
 Cast: Magic Dart        ||    73
  Use: Potion            ||     2
  Eat: Chunk             ||     1
Armor: Robe              ||    37
Dodge: Dodged            ||    83
